 Dungeon Crawl Stone Soup version 0.28.0-1-gb440e238dd (webtiles) character file.

Game seed: 8909363364082799379

181 Akaron the Grasshopper (level 5, -3/54 HPs)
             Began as an Ogre Warper on Feb 20, 2022.
             Slain by a water moccasin zombie (4 damage)
             ... on level 5 of the Dungeon.
             The game lasted 00:05:51 (4167 turns).

Akaron the Grasshopper (Ogre Warper)                Turns: 4167, Time: 00:05:51

Health: -3/54      AC:  3    Str: 15    XL:     5   Next: 61%
Magic:  9/9        EV: 10    Int: 14    God:
Gold:   181        SH:  0    Dex: 10    Spells: 4/9 levels left

rFire   . . .      SeeInvis .   e - +1 mace (venom)
rCold   . . .      Faith    .   (no shield)
rNeg    . . .      Spirit   .   b - +0 robe
rPois   .          Reflect  .   (helmet restricted)
rElec   .          Harm     .   (no cloak)
rCorr   .          Rampage  .   (gloves unavailable)
Will    .....                   (boots unavailable)
Stlth   +.........              (no amulet)
HPRegen 0.18/turn               (no ring)
MPRegen 0.11/turn               (no ring)

@: no status effects
A: large, unfitting armour, tough skin 1
a: no special abilities


You were on level 5 of the Dungeon.
You visited 1 branch of the dungeon, and saw 5 of its levels.

You collected 181 gold pieces.

Inventory:

Hand Weapons
 e - a +1 mace of venom (weapon)
 r - a +3 flail
 u - the +9 spear of Besh {vamp, rPois Str+4}
   (You found it on level 4 of the Dungeon)

   It occasionally heals its wielder for a portion of the damage dealt when it
   wounds a living foe.
   Str:       It affects your strength (+4).
   rPois:     It protects you from poison.
Missiles
 a - 4 large rocks (quivered)
 d - 5 boomerangs of dispersal
 f - 5 poisoned darts
 g - a throwing net
 p - 5 atropa-tipped darts
Armour
 b - a +0 robe (worn)
 x - an orb of mayhem
Wands
 k - a wand of iceblast (10)
 y - a wand of flame (15)
Scrolls
 c - 2 scrolls of blinking
 h - 3 scrolls of identify {unknown}
 i - 4 scrolls of teleportation {unknown}
 j - a scroll of amnesia {unknown}
 o - a scroll of enchant weapon {unknown}
 q - a scroll of fog {unknown}
 v - a scroll of fear {unknown}
 w - a scroll of noise {unknown}
 z - a scroll of vulnerability {unknown}
Potions
 l - 2 potions of brilliance {unknown}
 m - a potion of flight {unknown}
 n - a potion of heal wounds {unknown}
 s - a potion of ambrosia {unknown}
 t - a potion of degeneration {unknown}


   Skills:
 + Level 3.7 Fighting
 + Level 3.3 Maces & Flails
 + Level 1.0 Throwing
 + Level 2.6 Dodging
 + Level 0.2 Stealth
 + Level 2.8 Spellcasting
 * Level 3.8 Translocations


You had 4 spell levels left.
You knew the following spells:

 Your Spells              Type           Power      Damage    Failure   Level
a - Blink                 Tloc           24%        N/A       7%          2
b - Gell's Gravitas       Tloc           12%        N/A       14%         3

Your spell library contained the following spells:

 Spells                   Type           Power      Damage    Failure   Level
 Lesser Beckoning         Tloc           12%        N/A       14%         3
 Teleport Other           Tloc           12%        N/A       14%         3
 Passwall                 Tmut/Erth      0%         N/A       32%         2
 Stone Arrow              Conj/Erth      2%         3d7       54%         3
 Manifold Assault         Tloc           12%        N/A       77%         5
 Fireball                 Conj/Fire      0%         3d3       99%         5
 Fire Storm               Conj/Fire      0%         6d1       100%        9


Dungeon Overview and Level Annotations

Branches:
Dungeon (5/15)
 Temple: D:4-7

Altars:
Nemelex Xobeh


Innate Abilities, Weirdness & Mutations

You are too large for most types of armour.
You have tough skin. (AC +1)


Message History

You sock the orc!
You kill the orc!
z - a scroll labelled QAMUPT IDOIGI
Items here: )) [ †.
Okay, then.
A water moccasin zombie comes into view.
The water moccasin zombie bites you.
You closely miss the water moccasin zombie.
The water moccasin zombie is moderately damaged.
The water moccasin zombie bites you.
The water moccasin zombie bites you but does no damage.
You closely miss the water moccasin zombie.
The water moccasin zombie is moderately damaged.
The water moccasin zombie bites you.
You hit the water moccasin zombie.
The water moccasin zombie is moderately damaged.
The water moccasin zombie bites you.
The water moccasin zombie bites you but does no damage.
You are too injured to fight recklessly!
You hit the water moccasin zombie.
The water moccasin zombie is heavily damaged.
The water moccasin zombie bites you.
You hit the water moccasin zombie but do no damage.
The water moccasin zombie is heavily damaged.
The water moccasin zombie bites you. The water moccasin zombie bites you!
* * * LOW HITPOINT WARNING * * *
You barely miss the water moccasin zombie.
The water moccasin zombie is heavily damaged.
The water moccasin zombie bites you.
* * * LOW HITPOINT WARNING * * *
You barely miss the water moccasin zombie.
You punch the water moccasin zombie.
The water moccasin zombie is heavily damaged.
The water moccasin zombie bites you.
* * * LOW HITPOINT WARNING * * *
The water moccasin zombie barely misses you.
You closely miss the water moccasin zombie.
The water moccasin zombie is heavily damaged.
The water moccasin zombie bites you.
You die...

##.##.##### ##.## #.#
#.# ##'## #.# ##...##
##.# ##.....## #..##
##.......## #.#.##
#.##.........###....#
...+........Z+....###
#.##........@###..#
#.##........#.....#
#.##.⌠.⌠...##.##.##
#####.##.._...###)##..#
......###⌠.⌠+##
#.####.☼..... #....<#
##.#[# #.# .°○..$?
#.##.## #...#
#)###...§☼..$ .....#
##..## #.....#####..
#.##### ##....#########
§


You could see a water moccasin zombie.

Vanquished Creatures
  2 orc priests (D:4)
  An orc wizard (D:5)
  An adder (D:4)
  A gnoll (D:1)
  A white imp (D:5)
  A worm (D:3)
  A dart slug (D:1)
  10 orcs
  4 ball pythons
  6 endoplasms
  3 giant cockroaches
  4 goblins
  4 hobgoblins
  8 jackals
  8 kobolds
  3 quokkas (D:1)
  6 bats
  A frilled lizard (D:1)
  6 rats
71 creatures vanquished.

Notes
Turn   | Place    | Note
-------+----------+-------------------------------------------
     0 | D:1      | Akaron the Ogre Warper began the quest for the Orb.
     0 | D:1      | Reached XP level 1. HP: 22/22 MP: 3/3
   345 | D:1      | Reached XP level 2. HP: 29/29 MP: 5/5
   464 | D:1      | Learned a level 2 spell: Blink
   870 | D:1      | Reached XP level 3. HP: 36/36 MP: 6/6
  1717 | D:2      | Got the Collected Works on the Ashen Arsonist
  2452 | D:3      | Reached XP level 4. HP: 33/45 MP: 8/8
  2541 | D:3      | Learned a level 3 spell: Gell's Gravitas
  3045 | D:4      | Reached XP level 5. HP: 6/53 MP: 3/9
  3537 | D:4      | Identified the +9 spear of Besh {vamp, rPois Str+4}
  4008 | D:5      | Entered Level 5 of the Dungeon
  4064 | D:5      | Found a sparkling altar of Nemelex Xobeh.
  4166 | D:5      | HP: 1/54 [water moccasin zombie (6)]
  4167 | D:5      | Slain by a water moccasin zombie

Illustrated notes

Levels and vault maps discovered:
D:1:      dpeg_arrival_rhombus, layout_basic
D:2:      layout_basic
D:3:      layout_rooms
D:4:      layout_rooms
D:5:      lemuel_castle_with_subvaults [lemuel_castle_interior_carwin_2],
          layout_loops_corners, nemelex_xobeh_ov_fountains_minmay,
          kennysheep_cross_bottleneck, lemuel_flame_loot_1

Skill      XL: |  1  2  3  4 |
---------------+-------------+-----
Maces & Flails | 2 3 |  3.3
Translocations | 3 |  3.8
Fighting       | 3 |  3.7
Throwing       | |  1.0
Dodging        | |  2.6
Stealth        | |  0.2
Spellcasting   | |  2.8

Action                   |  1- 3 |  4- 6 || total
-------------------------+-------+-------++-------
Melee: Mace              |   100 |    86 ||   186
       Punch             |     2 |     1 ||     3
Throw: Large rock        |     2 |       ||     2
 Cast: Gell's Gravitas   |       |     4 ||     4
Armor: Robe              |    38 |    18 ||    56
Dodge: Dodged            |    49 |    42 ||    91
